 Dungeon Crawl Stone Soup version 0.26.1-15-g04117e645d (webtiles) character file.

Game seed: 7571800702870012758

30 AarnesTheHuman the Bolt Thrower (level 3, -3/29 HPs)
             Began as a Formicid Hunter on Dec 17, 2022.
             Slain by Natasha (9 damage)
             ... on level 2 of the Dungeon.
             The game lasted 00:03:17 (1248 turns).

AarnesTheHuman the Bolt Thrower (Formicid Hunter)   Turns: 1248, Time: 00:03:18

Health: -3/29      AC:  4    Str: 17    XL:     3   Next: 37%
Magic:  3/3        EV: 12    Int: 10    God:
Gold:   93         SH:  0    Dex: 11    Spells: 2/2 levels left

rFire    . . .     SeeInvis +   a - +1 hand crossbow
rCold    . . .     Faith    .   (no shield)
rNeg     . . .     Spirit   .   c - +1 leather armour
rPois    .         Reflect  .   (helmet unavailable)
rElec    .         Harm     .   (no cloak)
rCorr    .         Rampage  .   (no gloves)
Will     .....                  (no boots)
Stlth    +.........             (no amulet)
HPRegen  0.09/turn              (no ring)
MPRegen  0.08/turn              (no ring)

@: no status effects
A: permanent stasis, dig shafts and tunnels, four strong arms, antennae 3
a: Dig, Shaft Self


You were on level 2 of the Dungeon.
You visited 1 branch of the dungeon, and saw 2 of its levels.

You collected 93 gold pieces.

Inventory:

Hand Weapons
 a - a +1 hand crossbow (weapon)
 b - a +0 short sword
 h - a +0 club
Missiles
 d - 5 bolts (quivered ammo)
Armour
 c - a +1 leather armour (worn)
Jewellery
 g - a +4 ring of evasion {unknown}


   Skills:
 + Level 3.1 Fighting
 + Level 4.5 Crossbows
 - Level 1.7 Dodging
 - Level 1.2 Stealth


You had 2 spell levels left.
You didn't know any spells.
Your spell library was empty.

Dungeon Overview and Level Annotations

Branches:
Dungeon (2/15)

Altars:

Annotations:
D:2 Natasha


Innate Abilities, Weirdness & Mutations

You cannot be hasted, slowed, berserked, paralysed or teleported.
You can dig through walls and to a lower floor.
Your four strong arms can wield two-handed weapons with a shield.
You have a pair of large antennae on your head. (SInv)


Message History

Press: ? - help, Q - select action, (/) - cycle Shift-Dir - straight line, f/p - Natasha
Aim: Natasha (heavily wounded, 58% to hit)
You shoot a bolt. The bolt barely misses the iron imp.
The bolt barely misses Natasha.
The iron imp disappears in a puff of smoke!
Natasha claws you.
* * * LOW HITPOINT WARNING * * *
Fire: 7 bolts
Press: ? - help, Q - select action, (/) - cycle Shift-Dir - straight line, f/p - Natasha
Aim: Natasha (heavily wounded, 58% to hit)
You shoot a bolt. The bolt closely misses Natasha.
The bolt hits the crimson imp!
The crimson imp is almost dead.
The crimson imp blinks!
Natasha claws you but does no damage.
Fire: 6 bolts
Press: ? - help, Q - select action, (/) - cycle Shift-Dir - straight line, f/p - Natasha
Aim: Natasha (heavily wounded, 58% to hit)
You shoot a bolt. The bolt closely misses Natasha.
Natasha claws you!
You die...

#...............'..
#...............###
#..#.....##.....#
#..#.###.##.....#
#(.#.# #.##.....#
#..#.# #.##'#####
#..#.# #.......#
##.#.# #.......+
#@#.# ##......#
.######h#.#
##........
..{...((..#
#..######
..#####.### #..#
#...(...# #..#
(............ #..#
(............#
(....5.(.......
......#.#....##


You could see Natasha and a crimson imp (summoned).

Vanquished Creatures
  A worm (D:2)
  2 dart slugs (D:1)
  A ball python (D:1)
  A bat (D:1)
  2 giant cockroaches (D:1)
  2 goblins (D:1)
  3 hobgoblins (D:1)
  2 jackals (D:1)
  4 frilled lizards (D:1)
  A kobold (D:1)
  4 rats (D:1)
23 creatures vanquished.

Notes
Turn   | Place    | Note
-------+----------+-------------------------------------------
     0 | D:1      | AarnesTheHuman the Formicid Hunter began the quest for the
                  | Orb.
     0 | D:1      | Reached XP level 1. HP: 16/16 MP: 1/1
   276 | D:1      | Reached XP level 2. HP: 23/23 MP: 2/2
   590 | D:1      | Reached XP level 3. HP: 29/29 MP: 3/3
  1220 | D:2      | Noticed Natasha
  1248 | D:2      | Slain by Natasha

Illustrated notes

Levels and vault maps discovered:
D:1:      lemuel_arrival_funnel, layout_loops_ring,
          amcnicky_mini_corridor_feature, wad_floor_pattern_1
D:2:      layout_basic, general_overflow_altar, uniq_natasha, uniq_robin

Skill      XL: |  1  2 |
---------------+-------+-----
Fighting       | 3 |  3.1
Crossbows      | |  4.5
Dodging        | |  1.7
Stealth        | |  1.2

Action                   || total
-------------------------++-------
Melee: Hand crossbow     ||     2
       Short sword       ||    13
 Fire: Hand crossbow     ||    49
  Use: Scroll            ||     1
       Potion            ||     1
Armor: Leather armour    ||     3
Dodge: Dodged            ||    21
